 Dungeon Crawl Stone Soup version 0.22-a0-223-g0f5d773 (webtiles) character file.

50 wolfsongas the Charmwright (level 3, -1/46 HPs)
             Began as a Gnoll Skald on Feb 19, 2018.
             Slain by a hobgoblin (3 damage)
             ... on level 2 of the Dungeon.
             The game lasted 00:02:06 (1314 turns).

wolfsongas the Charmwright (Gnoll Skald)            Turns: 1314, Time: 00:02:06

Health: -1/46      AC: 24    Str: 13    XL:     3   Next: 79%
Magic:  9/9        EV:  2    Int: 16    God:
Gold:   63         SH:  8    Dex: 14    Spells: 11/12 levels left

rFire    . . .     SeeInvis .   a - +0 mace
rCold    . . .     Gourm    .   g - +1 shield {AC+3}
rNeg     + + +     Faith    .   (armour currently unavailable)
rPois    +         Spirit   .   (helmet currently unavailable)
rElec    .         Reflect  .   (cloak currently unavailable)
rCorr    .         Harm     .   (gloves currently unavailable)
MR       .....     NoTele   +   (boots currently unavailable)
Stlth    ++........             (no amulet)
HPRegen  0.15/turn              (no ring)
MPRegen  0.11/turn              (no ring)

@: tree-form
A: distributed training, strong nose
a: no special abilities


You were on level 2 of the Dungeon.
You were not hungry.
You were a tree.
You visited 1 branch of the dungeon, and saw 2 of its levels.

You collected 63 gold pieces.

Inventory:

Hand Weapons
 a - a +0 mace (weapon)
Armour
 b - a +0 leather armour (melded)
 g - a +1 shield of protection (worn)
 k - a +1 cloak (melded)
Scrolls
 e - a scroll of remove curse
 f - a scroll of teleportation {unknown}
 j - a scroll of identify {unknown}
 l - a scroll of enchant armour {unknown}
Comestibles
 c - 4 rations
 i - 6 chunks of flesh


   Skills:
 + Level 4.5 Fighting
 + Level 0.9 Short Blades
 + Level 0.9 Long Blades
 + Level 0.9 Axes
 + Level 4.5 Maces & Flails
 + Level 0.9 Polearms
 + Level 0.9 Staves
 + Level 0.9 Slings
 + Level 0.9 Bows
 + Level 0.9 Crossbows
 + Level 0.9 Throwing
 + Level 2.6 Armour
 + Level 4.5 Dodging
 + Level 0.9 Stealth
 + Level 0.9 Shields
 + Level 0.9 Unarmed Combat
 + Level 5.0 Spellcasting
 + Level 0.6 Conjurations
 + Level 0.6 Hexes
 + Level 5.4 Charms
 + Level 0.6 Summonings
 + Level 0.6 Necromancy
 + Level 0.6 Translocations
 + Level 0.6 Transmutations
 + Level 0.6 Fire Magic
 + Level 0.6 Ice Magic
 + Level 0.6 Air Magic
 + Level 0.6 Earth Magic
 + Level 0.6 Poison Magic
 + Level 1.0 Invocations
 + Level 0.9 Evocations


You had 11 spell levels left.
You knew the following spells:

 Your Spells              Type           Power        Failure   Level  Hunger
a - Infusion              Chrm           ###.         10%         1    None


Dungeon Overview and Level Annotations

Branches:
Dungeon (2/15)

Altars:
Uskayaw
The Shining One


Innate Abilities, Weirdness & Mutations

Your experience applies equally to all skills.
((You have very sharp teeth.))
Your uncanny sense of smell can sniff out nearby items.


Message History

* * * LOW HITPOINT WARNING * * *
The hobgoblin barely misses you.
It was a potion of lignification.
You turn into a tree.
Your +1 cloak melds into your body.
Your +0 leather armour melds into your body.
Your roots penetrate the ground.
The kobold hits you but does no damage. x2
You block the kobold's attack. The hobgoblin barely misses you.
You hit the hobgoblin but do no damage. The kobold hits you but does no damage.
You block the kobold's attack. The kobold hits you but does no damage.
The hobgoblin hits you.
* * * LOW HITPOINT WARNING * * *
The kobold hits you but does no damage.
You barely miss the hobgoblin.
The kobold hits you but does no damage. x2
The hobgoblin hits you.
* * * LOW HITPOINT WARNING * * *
The kobold hits you but does no damage. You block the kobold's attack.
You barely miss the hobgoblin. The kobold hits you.
* * * LOW HITPOINT WARNING * * *
The hobgoblin hits you.
You die...

.. ##.###..##.... #.
#.###..##.#.#
####.#####............
#.........####..#..#..
.##.#..#.##.# #.##..#.#
.......#.##(####.......#
#......(......####......
#.#...)(K##.#.# #...##.
......†♣K##.#.# #...##.
#.##..gK....# # #...##.
#.#...#.## #...##.
..#....#.# .####...##.
...#........ .......)(..
..###'''###.........(...
.# #...# ............
..... #####...### #...#


You could see a hobgoblin and 3 kobolds.

Vanquished Creatures
  An adder (D:2)
  An ooze (D:1)
  A dart slug (D:1)
  6 goblins
  6 hobgoblins
  13 kobolds
  2 bats (D:1)
  A frilled lizard (D:1)
  2 rats (D:1)
33 creatures vanquished.

Vanquished Creatures (others)
  12 toadstools (D:2)
12 creatures vanquished.

Grand Total: 45 creatures vanquished

Notes
Turn   | Place    | Note
-------+----------+-------------------------------------------
     0 | D:1      | wolfsongas the Gnoll Skald began the quest for the Orb.
     0 | D:1      | Reached XP level 1. HP: 20/20 MP: 6/6
   340 | D:1      | Reached XP level 2. HP: 26/26 MP: 7/7
   795 | D:1      | Reached XP level 3. HP: 30/31 MP: 5/9
  1082 | D:2      | Reached skill level 5 in Spellcasting
  1159 | D:2      | Found a glowing golden altar of the Shining One.
  1199 | D:2      | Found a hide-covered altar of Uskayaw.
  1294 | D:2      | Reached skill level 1 in Invocations
  1305 | D:2      | HP: 1/31 [kobold (1)]
  1314 | D:2      | HP: 2/46 [kobold (1)]
  1314 | D:2      | Slain by a hobgoblin

Vault maps used:
D:1:      dpeg_arrival_tiny_e
D:2:      cheibrodos_fertilizer, tso_altar, nicolae_overflow_crystal_walls

Skill      XL: |  1  2  3 |
---------------+----------+-----
Spellcasting   | 5 |  5.0
Invocations    | 1 |  1.0
Fighting       | |  4.5
Short Blades   | |  0.9
Long Blades    | |  0.9
Axes           | |  0.9
Maces & Flails | |  4.5
Polearms       | |  0.9
Staves         | |  0.9
Slings         | |  0.9
Bows           | |  0.9
Crossbows      | |  0.9
Throwing       | |  0.9
Armour         | |  2.6
Dodging        | |  4.5
Stealth        | |  0.9
Shields        | |  0.9
Unarmed Combat | |  0.9
Conjurations   | |  0.6
Hexes          | |  0.6
Charms         | |  5.4
Summonings     | |  0.6
Necromancy     | |  0.6
Translocations | |  0.6
Transmutations | |  0.6
Fire Magic     | |  0.6
Ice Magic      | |  0.6
Air Magic      | |  0.6
Earth Magic    | |  0.6
Poison Magic   | |  0.6
Evocations     | |  0.9

Action                   || total
-------------------------++-------
Melee: Mace              ||   105
       Bite              ||     3
 Cast: Infusion          ||     3
  Use: Scroll            ||     1
       Potion            ||     2
  Eat: Ration            ||     1
Armor: Leather armour    ||    43
       Skin              ||     8
Dodge: Dodged            ||    90
Block: Shield            ||    47

Table legend:
 A = Spawn XP
 B = Non-spawn XP
 C = Spawn XP percentage of total XP
 D = Spawn monster count
 E = Non-spawn monster count
 F = Spawn count percentage of total count
 G = Total turns spent on level
                    A         B        C        D         E        F      G
               +---------+---------+-------+---------+---------+-------+---------
         Total |       0 |      72 |   0.0 |       0 |      33 |   0.0 |  1314
               +---------+---------+-------+---------+---------+-------+---------
           D:1 |       0 |      37 |   0.0 |       0 |      19 |   0.0 |  1066
           D:2 |       0 |      35 |   0.0 |       0 |      14 |   0.0 |   248
               +---------+---------+-------+---------+---------+-------+---------
